Map: [ESL] Cosmic Sapphire

Players

DRG

  • Race: Zerg Zerg
  • Spawn Location: 5:00

RagnaroK (SHIN) - Winner!

  • Race: Zerg Zerg
  • Spawn Location: 11:00

Event: DreamHack SC2 Masters 2022 Valencia

VOD

Have the link to the VOD?

Description

Time

  • Played on: July 1, 2022, 1:49 p.m.
  • Length: 7:25

All games in this series

Show
View Real Time Build Order
Export as new Build Order

DRG Zerg 

Build Orders: Hatch First 

Get SALT Encoding   

  12  0:00  Drone  
  13  0:12  Overlord  
  13  0:16  Drone  
  14  0:30  Drone  
  14  0:31  Drone  
  16  0:47  Hatchery  
  15  0:50  Drone  
  15  0:54  Drone  
  15  0:57  Drone  
  18  1:08  Extractor  
  17  1:12  Spawning Pool  
  17  1:16  Drone  
  17  1:19  Drone  
  18  1:28  Drone  
  19  1:39  Drone  
  20  1:49  Drone  
  21  1:59  Queen x2  
  21  2:01  Overlord  
  25  2:02  Zergling x2  
  26  2:10  Drone  
  26  2:11  Drone  
  26  2:13  Metabolic Boost  
  28  2:20  Drone  
  28  2:21  Drone  
  30  2:31  Drone  
  30  2:32  Drone  
  32  2:38  Hatchery  
  32  2:43  Queen  
  33  2:50  Baneling Nest  
  32  2:53  Overlord  
  32  2:56  Drone  
  34  2:58  Drone  
  34  3:01  Drone  
  34  3:05  Zergling x2  
  36  3:15  Drone x5  
  36  3:17  Zergling x2  
  36  3:18  Zergling x2  
  43  3:24  Overlord  
  43  3:25  Drone  
  44  3:35  Overlord  
  44  3:41  Baneling x2  
  44  3:46  Zergling x10  
  44  3:47  Queen  
  51  3:50  Queen  
  51  3:54  Zergling x4  
  52  3:59  Baneling x2  
  52  4:01  Zergling x6  
  55  4:09  Roach Warren  
  54  4:13  Drone x3  
  54  4:16  Drone  
  58  4:17  Drone  
  58  4:18  Drone  
  58  4:21  Zergling x6  
  63  4:28  Queen  
  63  4:30  Overlord  
  64  4:49  Overlord  
  64  4:51  Roach x5  
  71  4:54  Overlord  
  71  4:55  Overlord  
  71  4:57  Overlord  
  69  5:00  Overlord  
  69  5:05  Roach x2  
  69  5:06  Queen  
  66  5:09  Roach  
  65  5:17  Roach  
  65  5:19  Roach  
  59  5:24  Roach  
  59  5:26  Roach  
  59  5:27  Roach  
  57  5:32  Drone x2  
  57  5:38  Drone x3  
  60  5:49  Hatchery  
  59  5:54  Queen  
  61  5:58  Drone  
  61  6:00  Overlord  
  61  6:01  Drone  
  63  6:05  Evolution Chamber  
  63  6:07  Drone  
  63  6:08  Drone x2  
  65  6:16  Lair  
  65  6:18  Drone  
  65  6:19  Drone  
  65  6:20  Drone  
  65  6:21  Extractor  
  65  6:22  Extractor  
  66  6:27  Roach x2  
  66  6:30  Extractor  
  70  6:37  Drone  
  70  6:38  Queen  
  73  6:41  Overlord  
  73  6:43  Drone  
  74  6:47  Overlord  
  74  6:50  Overlord  
  74  6:52  Roach  
  76  6:54  Overlord  
  76  6:57  Roach  
  76  7:01  Roach x2  
  82  7:04  Roach  
Show
View Real Time Build Order
Export as new Build Order

RagnaroK Zerg - Winner!

Build Orders: Hatch First 

Get SALT Encoding   

  12  0:00  Drone  
  13  0:08  Drone  
  14  0:17  Overlord  
  14  0:35  Drone x2  
  16  0:47  Hatchery  
  15  0:51  Drone  
  15  0:55  Drone  
  17  0:58  Drone  
  18  1:09  Extractor  
  17  1:13  Spawning Pool  
  17  1:16  Drone  
  17  1:20  Drone  
  18  1:29  Drone  
  19  1:39  Drone  
  20  1:50  Drone  
  21  1:59  Queen x2  
  21  2:00  Zergling x2  
  21  2:01  Overlord  
  26  2:09  Drone  
  26  2:10  Metabolic Boost  
  27  2:16  Drone  
  27  2:20  Drone  
  30  2:22  Drone  
  30  2:31  Drone  
  31  2:37  Hatchery  
  31  2:40  Drone  
  31  2:45  Baneling Nest  
  31  2:47  Drone  
  31  2:51  Overlord  
  31  2:56  Zergling x2  
  32  3:02  Roach Warren  
  31  3:08  Zergling x6  
  31  3:11  Zergling x2  
  35  3:15  Zergling x4  
  35  3:18  Zergling x2  
  38  3:20  Zergling x2  
  38  3:25  Overlord  
  39  3:34  Baneling  
  39  3:35  Baneling  
  39  3:43  Roach x4  
  39  3:48  Roach x2  
  50  3:52  Roach  
  50  3:54  Zergling x2  
  53  3:59  Zergling x4  
  55  4:04  Overlord  
  55  4:08  Zergling x4  
  57  4:13  Zergling x2  
  57  4:16  Overlord  
  57  4:18  Baneling x2  
  57  4:20  Baneling  
  58  4:24  Zergling x4  
  58  4:29  Zergling x2  
  58  4:30  Zergling x2  
  59  4:36  Zergling x2  
  59  4:37  Zergling x6  
  62  4:39  Drone  
  62  4:41  Drone  
  62  4:43  Baneling  
  62  4:44  Baneling  
  64  4:46  Drone  
  64  4:50  Zergling x2  
  64  4:57  Zergling x6  
  64  4:58  Drone  
  64  4:59  Drone  
  67  5:04  Drone x2  
  67  5:05  Drone  
  66  5:10  Drone x2  
  66  5:12  Drone  
  64  5:15  Drone  
  64  5:17  Drone  
  64  5:18  Drone  
  64  5:20  Zergling x2  
  61  5:22  Zergling x2  
  61  5:24  Zergling x2  
  61  5:26  Zergling x2  
  56  5:34  Roach x2  
  55  5:38  Roach, Extractor  
  55  5:40  Evolution Chamber  
  57  5:42  Roach  
  57  5:46  Roach  
  57  5:48  Roach  
  61  5:51  Roach x2  
  61  5:54  Queen  
  67  5:59  Overlord  
  67  6:02  Overlord  
  67  6:03  Roach  
  69  6:06  Roach  
  69  6:10  Roach  
  72  6:15  Overlord  
  72  6:17  Overlord  
  72  6:18  Roach  
  74  6:20  Roach  
  74  6:24  Zergling x2  
  74  6:25  Zergling x4  
  79  6:26  Zergling x2  
  79  6:29  Zergling x4  
  79  6:31  Zergling x2  
  79  6:32  Zergling x2  
  84  6:36  Zergling x2  
  84  6:37  Zergling x4  
  84  6:39  Zergling x2  
  88  6:41  Zergling x2  
  88  6:44  Overlord  
  89  6:48  Zergling x4  
  89  6:49  Zergling x2  
  89  6:50  Zergling x2  
  89  6:51  Zergling x2  
  94  6:55  Overlord  
  94  6:59  Zergling x2  
  95  7:05  Zergling x6  
  98  7:10  Ravager x2  

Tags
 
Add a new tag
Caveats
  • Supply blocks, unpowered buildings, or Contaminate may cause inaccurate times.
  • Supply counts are checked every 10 seconds.